[Event "Swedish Championship 2022"]
[Site "Uppsala"]
[Date "2022.07.02"]
[Round "1.2"]
[White "Blomqvist, Erik"]
[Black "Seo, Jung Min"]
[Result "1/2-1/2"]
[ECO "C28"]
[WhiteElo "2521"]
[BlackElo "2492"]
[Annotator "TA"]
[PlyCount "42"]
[EventDate "2022.07.01"]
[EventType "tourn"]
[EventCountry "SWE"]
[SourceTitle "playchess.com"]
[Source "ChessBase"]
[SourceQuality "1"]
[TimeControl "40/5400+30:1800+30"]

1. e4 e5 2. Nc3 Nc6 3. Bc4 Nf6 4. d3 Na5 5. Qf3 Nxc4 {[%emt 0:00:22] The position is equal.} 6. dxc4 {[%emt 0:00:08] C28: Vienna Game: 2...Nf6 3 Bc4 Nc6.} Be7 7. Nge2 d6 8. h3 Be6 9. b3 O-O 10. O-O c6 11. Rd1 Qa5 12. a4 Rad8 13. Bd2 Qc7 {[%emt 0:03:10] [#]} 14. Be3 $146 ({Predecessor:} 14. Bg5 Kh8 15. Ng3 Ng8 16. Bxe7 Nxe7 17. Rd2 f6 18. Rad1 Nc8 19. Qe3 Rd7 20. Rd3 {0-1 (89) Khamroev,R (2206)-Filippov,A (2558) Tashkent 2009}) 14... Qa5 15. Bg5 h6 16. Bd2 $36 {[%emt 0:00:20][%cal Oc3d5][%mdl 2048] [#] Black must now prevent Nd5! White has good play.} Qc7 17. Be3 Qa5 18. Bd2 {[%emt 0:04:43][%cal Oc3d5] And now Nd5! would win.} Qc7 19. Be3 Qa5 20. Bd2 {[%emt 0:00:06][%cal Oc3d5] [#] Strongly threatening Nd5!} Qc7 21. Be3 Qa5 {[%emt 0:00:15] An uneventful encounter.  Weighted Error Value: White=0.03 (flawless) /Black=0.03 (flawless)} 1/2-1/2

[Event "Swedish Championship 2022"]
[Site "Uppsala"]
[Date "2022.07.02"]
[Round "1.3"]
[White "Jogstad, Martin"]
[Black "Carlsson, Ludvig"]
[Result "1/2-1/2"]
[ECO "D33"]
[WhiteElo "2384"]
[BlackElo "2399"]
[Annotator "TA"]
[PlyCount "120"]
[EventDate "2022.07.01"]
[EventType "tourn"]
[EventCountry "SWE"]
[SourceTitle "playchess.com"]
[Source "ChessBase"]
[SourceQuality "1"]
[TimeControl "40/5400+30:1800+30"]

1. d4 d5 2. c4 e6 3. Nc3 c5 4. cxd5 exd5 5. Nf3 Nc6 6. g3 Nf6 7. Bg2 cxd4 8. Nxd4 Bc5 9. Nb3 Bb6 {[%emt 0:00:10] D33: Tarrasch Defence: 6 g3 sidelines.} 10. O-O (10. Bxd5 Nb4 11. Bf3 Qxd1+ 12. Kxd1 Ng4 13. Bxg4 Bxg4 $11) 10... d4 11. Na4 O-O {[%emt 0:00:13] White is slightly better.} 12. Bg5 Re8 13. Re1 h6 14. Bxf6 {[%emt 0:00:09] is the new trend.} Qxf6 15. Nxb6 axb6 16. Bxc6 bxc6 17. Qxd4 Qd8 18. Qc3 c5 19. Rad1 Qc7 20. a3 Bb7 {[%emt 0:01:20] [#]} 21. Nd4 $146 ({Predecessor:} 21. Nd2 Re6 22. f3 Rae8 23. Kf2 f5 24. Qd3 Qc8 25. Nc4 Ba6 26. b3 Kh8 27. Rd2 {1-0 (58) Donchenko,A (2636)-Dardha,D (2541) Kragero 2022}) 21... Qd7 {[%emt 0:11:49] Inhibits Nf5. Hoping for ...Rad8.} 22. Nc2 $1 ({Reject} 22. Nf3 Qc6 $11) 22... Qc6 23. f3 h5 (23... Rad8 $142) 24. e4 $16 f5 25. Ne3 $40 {[%emt 0:12:01][%mdl 128] White goes for the king.} fxe4 26. Nf5 Qc7 27. Nxg7 {[%emt 0:12:17] White is more active.} Qxg7 $14 28. Qxg7+ {[%emt 0:00:07][%mdl 64] Remove Defender} Kxg7 29. Rd7+ Kg8 (29... Kf8 $1 $14 30. Rxb7 exf3 31. Rxe8+ Rxe8) 30. Rxb7 $18 exf3 31. Rxe8+ Rxe8 32. Rxb6 {[%emt 0:00:21][%mdl 4096] Endgame KR-KR} Re2 {[%emt 0:00:23] [#]} (32... Kf7 $142 33. Kf2 Re2+ 34. Kxf3 Rxh2) 33. a4 $1 {[%emt 0:24:18][%cal Ba3a4,Ba4a5][%mdl 32] a5 is the strong threat.} Rg2+ (33... Re1+ $142 34. Kf2 Ra1) 34. Kf1 Rxh2 35. a5 {[%emt 0:08:15] aiming for a6.} h4 36. gxh4 Rxh4 {[%emt 0:00:12] [#]} 37. Rb5 $2 (37. Rb3 $1 $18 {And now a6 would win.} c4 38. Ra3 (38. Rxf3 Rh2 $16)) 37... Kf7 $11 {[%emt 0:01:27] The position is equal.} 38. Kf2 Ke6 39. Kxf3 Kd5 40. Ke3 Ra4 41. b3 Ra1 42. Kd3 Kc6 43. Rb6+ Kc7 44. Ra6 Kb7 45. Rb6+ Kc7 46. Kc4 Rxa5 47. Rh6 Kb7 48. Rh7+ Kb6 49. Rh8 Kb7 50. Rg8 Ra3 51. Rg3 Kb6 52. Rf3 Kc6 53. Rf5 Kb6 54. Rg5 Ra5 55. Rd5 Ra3 56. Rd8 Ra5 57. Rb8+ Kc7 58. Rb5 Rxb5 59. Kxb5 Kd6 60. b4 cxb4 {[%emt 0:00:06] Black escapes into a draw.  Weighted Error Value: White=0.12 (very precise) /Black=0.13 (very precise)} 1/2-1/2

[Event "Swedish Championship 2022"]
[Site "Uppsala"]
[Date "2022.07.02"]
[Round "1.4"]
[White "Hillarp Persson, Tiger"]
[Black "Hector, Jonny"]
[Result "1/2-1/2"]
[ECO "D02"]
[WhiteElo "2516"]
[BlackElo "2441"]
[Annotator "TA"]
[PlyCount "143"]
[EventDate "2022.07.01"]
[EventType "tourn"]
[EventCountry "SWE"]
[SourceTitle "playchess.com"]
[Source "ChessBase"]
[SourceQuality "1"]
[TimeControl "40/5400+30:1800+30"]

1. Nf3 d5 2. g3 Nc6 3. d4 Bf5 4. Bg2 Nb4 5. Na3 e6 6. c3 {[%emt 0:02:12] D02: 1 d4 d5 2 Nf3 sidelines, including 2...Nf6 3 g3 and 2...Nf6 3 Bf4.} Nc6 7. Qb3 Bxa3 8. Qxa3 {[%emt 0:00:17] White has an edge.} Be4 9. O-O Nge7 10. Re1 O-O {[%emt 0:07:13] [#]} 11. Qb3 $146 ({Predecessor:} 11. Bf1 Bxf3 12. exf3 a6 13. Qb3 b5 14. a4 Na5 15. Qc2 c6 16. Bd3 h6 17. b3 {1-0 (54) Vastrukhin,O (2401)-Meskovs,N (2585) Chess.com INT 2020}) 11... a5 12. a4 (12. Qxb7 $2 Rb8 13. Qxb8 (13. Qa6 $2 Rb6 $19) 13... Qxb8 $19) 12... Re8 13. Bf1 (13. Qxb7 $2 Rb8 14. Qa6 Rb6 $19) 13... h6 14. Bf4 Ra7 15. Nd2 Bh7 16. e4 g5 (16... dxe4 $14 17. Nxe4 Nd5) 17. exd5 exd5 18. Be5 Qd7 19. Bg2 Raa8 20. Bf6 (20. Qxb7 Nxe5 21. Rxe5 Reb8 22. Rxe7 Qxe7 23. Qxd5 Kg7 $11) (20. f4 $1 $16) 20... Qd6 $14 21. Bxe7 Nxe7 22. Re5 (22. Qxb7 $2 Reb8 23. Nc4 Qd8 24. Bxd5 Rxb7 25. Bxb7 Ra7 $19) 22... c6 23. Rae1 (23. Qxb7 $6 Rab8 24. Qa7 Rxb2 $11) 23... Qd7 24. Nf1 (24. c4 $1 $16) 24... Kg7 {[%emt 0:03:09] [#]} (24... Bf5 $11) 25. h3 (25. Bh3 $1 $16 f5 (25... Qxh3 26. Rxe7) 26. f3) 25... Bf5 26. Kh2 ({White should try} 26. g4 $1 $14 Bg6 27. Ng3) 26... Be6 $11 27. Qd1 Ng6 28. R5e3 f5 29. Nd2 f4 30. R3e2 g4 31. hxg4 Bxg4 32. Rxe8 (32. Bf3 $5 Rxe2 33. Qxe2 $11) 32... fxg3+ 33. fxg3 Rxe8 34. Bf3 Rxe1 35. Qxe1 Bxf3 36. Nxf3 {[%emt 0:00:07][%mdl 4096] Endgame KQN-KQN} Qf5 37. Qe2 Kf7 38. Kg2 Kf8 39. Ne1 Kg7 40. Nd3 h5 41. Qf3 Qg5 42. Kf2 h4 43. gxh4 Qxh4+ 44. Ke2 b6 45. Kd2 Qh2+ 46. Kc1 Qd6 (46... Qh4 $14) 47. Kb1 ({Better is} 47. b4 $16) 47... c5 48. dxc5 bxc5 49. Qe3 d4 50. cxd4 cxd4 (50... Qxd4 $11 {keeps the balance.} 51. Qxd4+ (51. Qg3 Qxa4 52. Qc7+ Kh6 $14) 51... cxd4) 51. Qg5 $16 Qc7 52. Qd5 Qb6 53. Nc5 {[%emt 0:02:09] Strongly threatening Qd7+.} Qb4 54. Ne6+ Kf6 55. Nxd4 {[%emt 0:00:05] White threatens Qf5+ and mate.} Qxa4 {[%emt 0:02:56] [#]} 56. Qf5+ (56. b3 $1 $16 {White wants to mate with Qe6+.} Qe8 57. Qf5+ (57. Qxa5 Qe4+ 58. Nc2 Nf4 $14) 57... Ke7 58. Qxa5) 56... Ke7 $11 57. Qe4+ Kf6 58. Qf5+ Ke7 $1 59. Qe6+ Kd8 60. Qd5+ Ke7 (60... Ke8 $11 {remains equal.}) 61. b3 $16 {[%emt 0:01:04] White is more active.} Qe8 $2 {[%emt 0:00:50][%mdl 8192] [#]} (61... Qd7 $16 62. Nf5+ Ke8 63. Qxa5 Ne7) 62. Qxa5 $2 (62. Qe6+ $1 $18 Kf8 63. Qf6+ Kg8 64. Ne6) 62... Qd7 $11 63. Qc5+ Kf6 64. Kc2 Ne5 65. Qc3 Qh7+ 66. Kb2 Nd3+ 67. Kb1 {[%emt 0:00:20] Black must now prevent Nf3+.} Kg5 ({Resist} 67... Qh1+ 68. Kc2 (68. Ka2 Qa8+ 69. Kb1 Qe4 $14) 68... Ne5 69. Qe3 Qg2+ 70. Kc3 $16) ({Black should play} 67... Qe4 $11) 68. Qd2+ Kg4 69. Qg2+ Kf4 {[%emt 0:00:07] ( -> ...Ne1+). The position is equal.} 70. Qf3+ Ke5 71. Nc2 Qe4 72. Qxe4+ {[%emt 0:00:53] Weighted Error Value: White=0.15 (very precise) /Black=0.14 (very precise)} 1/2-1/2

[Event "Swedish Championship 2022"]
[Site "Uppsala"]
[Date "2022.07.02"]
[Round "1.5"]
[White "Smith, Axel"]
[Black "Johansson, Linus"]
[Result "1/2-1/2"]
[ECO "D36"]
[WhiteElo "2417"]
[BlackElo "2468"]
[Annotator "TA"]
[PlyCount "169"]
[EventDate "2022.07.01"]
[EventType "tourn"]
[EventCountry "SWE"]
[SourceTitle "playchess.com"]
[Source "ChessBase"]
[SourceQuality "1"]
[TimeControl "40/5400+30:1800+30"]

1. c4 e6 2. Nc3 d5 3. d4 Nf6 4. cxd5 exd5 5. Bg5 c6 6. e3 Be7 7. Bd3 Nbd7 8. Qc2 Nh5 9. Bxe7 Qxe7 10. Nge2 Nb6 11. O-O g6 12. Rab1 {[%emt 0:01:25] is the legacy move (12.Rae1).} O-O 13. b4 a6 14. a4 {[%emt 0:00:05] D36: Queen's Gambit Declined: Exchange Variation: Main line (5 Bg5 c6 6 Qc2).} Ng7 15. b5 axb5 16. axb5 {[%emt 0:00:02] White has an edge.} c5 17. dxc5 Qxc5 {[%emt 0:00:07] [#]} 18. Rfc1 $146 ({Predecessor:} 18. Nd4 Bd7 19. Rfc1 Ne6 20. Nxe6 Bxe6 21. Qd1 Rfc8 22. Ne2 Qa3 23. Nf4 Rxc1 24. Rxc1 {½-½ (30) Schmelz,T (2488)-Zajontz,R (2497) GER email 2018}) 18... Ne6 19. Qd2 Qe7 (19... Rd8 $11 {keeps the balance.}) 20. Bc2 Rd8 21. Bb3 Nc5 22. Qd4 ({Much weaker is} 22. Bxd5 Bf5 23. Qd4 Bxb1 24. Rxb1 {[#]} Ra4 $1 25. Nxa4 Rxd5 26. Nxb6 Rxd4 27. Nxd4 Ne6 $17) (22. Nxd5 Nxd5 23. Bxd5 Bf5 $17) 22... Bf5 23. Bc2 Bxc2 24. Rxc2 Qd6 25. Qb4 (25. Rd2 {feels hotter.} Rac8 26. h3 Ne6 27. Qf6) 25... Ne6 26. Qxd6 Rxd6 27. Rd2 Rad8 28. Rbd1 R6d7 29. g3 Kf8 30. Nf4 Nxf4 {[%emt 0:01:15] The position is equal.} 31. gxf4 Ke7 32. Kg2 Ke6 33. Ne2 Rc8 34. Nd4+ Ke7 35. h4 h5 36. Ra2 Nc4 37. Nb3 Ke6 38. Nd4+ Kd6 39. Rc2 Rdc7 {[%emt 0:05:29][%cal Oc4e3] Hoping for ...Nxe3+!} 40. Kg3 f5 41. Kf3 {[%emt 0:09:24] [#] Black must now prevent Rg1.} Ke7 42. Rg1 Kf7 43. Ra1 Nd6 44. Rxc7+ Rxc7 $11 {[%emt 0:00:01][%mdl 4096] Endgame KRN-KRN} 45. b6 Rc4 46. Ra5 Rb4 47. Rxd5 Rxb6 48. Nb3 Ne4 49. Nd2 Nf6 50. Rd4 Rb2 51. e4 fxe4+ 52. Nxe4 Rb3+ 53. Kg2 Nxe4 54. Rxe4 {[%emt 0:00:01] KR-KR} Kf6 55. Re5 b5 56. f3 Rb1 57. Kg3 b4 58. Rb5 b3 59. f5 gxf5 60. Kf4 Ke6 61. Rxf5 b2 62. Rb5 Kf6 63. Rb6+ Kf7 64. Kf5 Rf1 65. Rb7+ Kf8 66. Rxb2 Rxf3+ 67. Kg6 Rg3+ 68. Kxh5 Kg7 69. Rb7+ Kh8 70. Kh6 Rg1 71. Rb5 Rg7 72. Rb8+ Rg8 73. Rb7 Ra8 74. Rh7+ Kg8 {[%emt 0:00:04] ( -> ...Ra6+)} 75. Rg7+ Kh8 76. h5 Ra6+ 77. Rg6 Ra7 78. Rf6 Rh7+ 79. Kg5 Rg7+ 80. Rg6 Rxg6+ 81. hxg6 {[%emt 0:00:04] White wants to mate with Kf6.} Kg7 82. Kf5 Kg8 83. Kf6 {[%emt 0:00:05] g7 would kill now.} Kf8 84. g7+ Kg8 85. Kg6 {[%emt 0:00:03] Weighted Error Value: White=0.05 (flawless) /Black=0.04 (flawless)} 1/2-1/2

[Event "Swedish Championship 2022"]
[Site "Uppsala"]
[Date "2022.07.03"]
[Round "2.1"]
[White "Cramling, Pia"]
[Black "Johansson, Linus"]
[Result "1/2-1/2"]
[ECO "D36"]
[WhiteElo "2459"]
[BlackElo "2468"]
[Annotator "TA"]
[PlyCount "82"]
[EventDate "2022.07.01"]
[EventType "tourn"]
[EventCountry "SWE"]
[SourceTitle "playchess.com"]
[Source "ChessBase"]
[SourceQuality "1"]
[TimeControl "40/5400+30:1800+30"]

1. Nf3 d5 2. d4 Nf6 3. c4 e6 4. Nc3 Nbd7 5. cxd5 exd5 6. Bg5 c6 7. Qc2 Be7 8. e3 Nh5 9. Bxe7 Qxe7 10. O-O-O Nb6 11. h3 {[%emt 0:00:59] 11.Bd3 might become the main line. D36: Queen's Gambit Declined: Exchange Variation: Main line (5 Bg5 c6 6 Qc2).} Be6 12. Bd3 O-O-O 13. Kb1 ({Much worse is} 13. Bxh7 g6 14. Bxg6 (14. g4 Ng7 $17) 14... fxg6 $17) 13... Kb8 14. Rc1 ({Don't play} 14. Bxh7 g6 15. Bxg6 (15. g4 $2 Rxh7 16. gxh5 Bf5 $19) 15... fxg6 $19) 14... g6 15. Na4 Nxa4 16. Qxa4 Ng7 ({Black should play} 16... Nf6 $11) 17. Rc3 $14 Bf5 {[%emt 0:08:15] [#]} 18. Rd1 $146 ({Predecessor:} 18. Rhc1 Rc8 19. Ka1 Bxd3 20. Rxd3 f6 21. Ra3 a6 22. Ne1 Ne6 23. Nd3 c5 24. dxc5 Nxc5 {1-0 (60) Firat,B (2487)-Royal,S (2296) Terme Catez 2022}) 18... Rc8 19. Ra3 a6 20. Rb3 {[%emt 0:04:21] [#] Strongly threatening Qxa6.} Ka8 21. Qa5 (21. Ne5 {feels hotter.} Ka7 22. Qa5 Bxd3+ 23. Nxd3 Qc7 24. Qc5+) 21... Qc7 22. Qxc7 Rxc7 23. Kc2 Re7 24. Rc3 Bxd3+ 25. Kxd3 Nf5 26. a4 Nd6 27. Rc2 f6 28. b3 Kb8 29. h4 Kc7 30. a5 Ne4 31. Ke2 h6 32. Nd2 Nxd2 33. Kxd2 $11 {[%emt 0:01:51][%mdl 4096] Endgame KRR-KRR} f5 34. g3 g5 35. Rh1 {[%emt 0:00:25] Hoping for hxg5.} g4 36. Rhc1 Kd6 37. Rc5 Rb8 38. Kd3 Rh8 39. R5c2 Rb8 40. Rc5 Rh8 41. R5c2 Rb8 {[%emt 0:30:06] Weighted Error Value: White=0.08 (flawless) /Black=0.07 (flawless)} 1/2-1/2

[Event "Swedish Championship 2022"]
[Site "Uppsala"]
[Date "2022.07.03"]
[Round "2.2"]
[White "Seo, Jung Min"]
[Black "Jogstad, Martin"]
[Result "1-0"]
[ECO "D36"]
[WhiteElo "2492"]
[BlackElo "2384"]
[Annotator "TA"]
[PlyCount "123"]
[EventDate "2022.07.01"]
[EventType "tourn"]
[EventCountry "SWE"]
[SourceTitle "playchess.com"]
[Source "ChessBase"]
[SourceQuality "1"]
[TimeControl "40/5400+30:1800+30"]

1. d4 d5 2. c4 e6 3. Nc3 Nf6 4. cxd5 exd5 5. Bg5 c6 6. e3 Be7 7. Bd3 O-O 8. Qc2 h6 9. Bh4 Ne8 {[%emt 0:00:15] D36: Queen's Gambit Declined: Exchange Variation: Main line (5 Bg5 c6 6 Qc2).} 10. Bxe7 Qxe7 11. Nge2 Nd6 {[%emt 0:00:40] The position is equal.} 12. O-O {[%emt 0:00:06] [#]} Bg4 $146 ({Predecessor:} 12... Nd7 13. Rad1 Nf6 14. Ng3 Bg4 15. Rde1 Nh5 16. Nh1 Be6 17. f3 f5 18. Nf2 Nf6 19. Ne2 Qf7 20. Ng3 Nh5 21. Nxh5 Qxh5 {1-0 (35) Tang,A (2508)-Goryachkina,A (2610) Chess.com INT 2022}) 13. Ng3 Nd7 14. Rae1 Be6 15. f3 f5 16. Na4 Rae8 17. Nc5 Kh8 18. b3 Qg5 19. Qc1 Qe7 20. Ne2 Bf7 21. Bb1 Nf6 22. Ng3 Bg6 23. Qd2 Bh7 24. Bc2 Nd7 25. Nxd7 Qxd7 26. Ne2 Rf7 27. Nf4 Rfe7 28. Nd3 Qe6 29. f4 Ne4 30. Qc1 Qd6 31. Ne5 Nf6 32. Bd3 Rc7 33. Qb1 Qe6 34. b4 Rec8 35. a4 Ne8 36. Rc1 Nd6 37. Qb3 Bg6 38. Rc3 Be8 39. Rfc1 Qe7 40. Qc2 g6 41. b5 Kg7 42. a5 Nf7 43. bxc6 bxc6 44. Rc5 Rb8 {[%emt 0:10:11] [#]} (44... Nd8 $142) 45. Rxd5 $3 $16 Rcb7 (45... Qa3 46. a6) 46. Rc5 {[%emt 0:00:00] 0x0.001764be5d6cdp-1022s more active pieces.} Rb2 47. Qd1 (47. Qc3 $18) 47... Qh4 {[%emt 0:01:47] ( -> ...Qf2+)} 48. R5c2 {[%emt 0:00:00] Inhibits Qf2+.} Nxe5 49. dxe5 Bf7 (49... Qd8 $16 {was worth a try.} 50. Rxb2 Rxb2) 50. Qe2 Rxc2 51. Qxc2 Bd5 52. g3 Qe7 (52... Qd8 {keeps fighting.} 53. Qc5 Rb7) 53. e4 $18 fxe4 54. Bxe4 Qb4 55. Bxd5 Qd4+ (55... cxd5 $142 56. Qc7+ Kh8 57. Qxa7 Rg8) 56. Qf2 Qxf2+ 57. Kxf2 {[%emt 0:00:00] KRB-KR} Rb2+ 58. Ke3 cxd5 59. Rc7+ Kg8 60. Rxa7 Rxh2 61. a6 {[%emt 0:00:00] [#] Rb7 would kill now.} Rg2 62. Rb7 {[%emt 0:00:00] Weighted Error Value: White=0.07 (flawless) /Black=0.52} 1-0

[Event "Swedish Championship 2022"]
[Site "Uppsala"]
[Date "2022.07.03"]
[Round "2.3"]
[White "Hector, Jonny"]
[Black "Blomqvist, Erik"]
[Result "1-0"]
[ECO "B45"]
[WhiteElo "2441"]
[BlackElo "2521"]
[Annotator "TA"]
[PlyCount "73"]
[EventDate "2022.07.01"]
[EventType "tourn"]
[EventCountry "SWE"]
[SourceTitle "playchess.com"]
[Source "ChessBase"]
[SourceQuality "1"]
[TimeControl "40/5400+30:1800+30"]

1. e4 c5 2. Nf3 e6 3. d4 cxd4 4. Nxd4 Nf6 5. Nc3 Nc6 6. Nxc6 bxc6 7. e5 Nd5 8. Ne4 Qc7 9. f4 Qb6 10. c4 Ne3 11. Qd3 Bb4+ 12. Bd2 {[%emt 0:11:25] B45: Sicilian Four Knights.} Ba6 13. b3 O-O 14. Bxb4 {[%emt 0:06:32] The position is equal.} Qxb4+ 15. Kf2 Nd5 16. g3 f6 {[%emt 0:01:28] [#] Hoping for ...fxe5.} 17. exf6 $146 (17. Qd2 $14 fxe5 18. cxd5 Qxe4 19. Bxa6 exf4 20. Rhf1) ({Predecessor:} 17. Qc2 Nxf4 18. gxf4 fxe5 19. Kg2 Rxf4 20. Bd3 d5 21. Ng3 e4 22. Be2 Qc5 23. Rhf1 {1-0 (33) Fedorchuk,S (2645)-Sprenger,J (2536) Germany 2007}) 17... gxf6 $2 (17... Nxf6 $11 18. Nxf6+ Rxf6) 18. Kg2 ({Better is} 18. Qd4 $16) 18... f5 $132 {[%emt 0:19:34][%mdl 2048] Black puts up resistance} 19. Ng5 Rae8 20. Nf3 Re7 21. Qd2 Qxd2+ 22. Nxd2 Ne3+ 23. Kf3 Nc2 24. Rc1 Nd4+ 25. Kf2 e5 26. fxe5 f4 27. gxf4 Rxf4+ 28. Ke3 Rh4 $1 29. Rg1+ Kf8 30. h3 Rxe5+ 31. Kd3 $1 c5 32. Bg2 $1 {[%emt 0:05:46] Prevents Bb7.} Ne2 33. Rgf1+ Nf4+ 34. Kc2 Ke7 35. Rce1 d6 36. Ba8 {[%emt 0:01:41] [#] Strongly threatening Nf3.} Ng2 $2 37. Bxg2 {[%emt 0:00:43] Weighted Error Value: White=0.14 (very precise) /Black=0.40} 1-0

[Event "Swedish Championship 2022"]
[Site "Uppsala"]
[Date "2022.07.03"]
[Round "2.4"]
[White "Carlsson, Ludvig"]
[Black "Smith, Axel"]
[Result "1-0"]
[ECO "C42"]
[WhiteElo "2399"]
[BlackElo "2417"]
[Annotator "TA"]
[PlyCount "109"]
[EventDate "2022.07.01"]
[EventType "tourn"]
[EventCountry "SWE"]
[SourceTitle "playchess.com"]
[Source "ChessBase"]
[SourceQuality "1"]
[TimeControl "40/5400+30:1800+30"]

1. e4 e5 2. Nc3 Nf6 3. Nf3 Bb4 4. Nxe5 O-O 5. Be2 Re8 6. Nd3 Bxc3 7. dxc3 Nxe4 8. O-O d6 9. Nf4 Nd7 10. Be3 Ndf6 {[%emt 0:24:20] [#] C42: Petroff Defence: 3 Nxe5 and unusual White 3rd moves.} 11. a4 $146 ({Predecessor:} 11. Re1 h6 12. c4 Bf5 13. Qc1 Qd7 14. f3 Nc5 15. Bd4 Nh7 16. Nd5 c6 17. Ne3 Bg6 18. Qd2 {½-½ (41) Psakhis,L (2455)-Rozentalis,E (2526) Israel 2019}) 11... a5 12. Re1 b6 {[%emt 0:03:10] White is slightly better.} 13. Nd5 (13. Bb5 $5 Bd7 14. f3 $11) 13... Bb7 14. Nxf6+ Nxf6 15. Bb5 c6 (15... Nd7 {seems wilder.} 16. Qd2 h6 17. Bd4 Re6) 16. Bf1 Nd5 17. Bd2 Rxe1 18. Qxe1 Qd7 19. f3 Re8 20. Qf2 (20. Qg3 $5 ) 20... c5 21. b3 (21. Qg3 {keeps more tension.} Re6 22. Bd3 Qe7 23. Bg5) 21... Ne7 22. c4 d5 23. cxd5 Nxd5 24. Re1 Rxe1 25. Qxe1 Nb4 26. c3 Nc6 27. Bf4 {[%emt 0:01:16][%cal Of4c7] aiming for Bc7! White stays focused until the end.} Ne7 28. Qe5 Nd5 29. Bg3 f6 30. Qb8+ Qc8 {[%emt 0:01:15] [#]} (30... Kf7 $16 {was called for.}) 31. Qd6 $1 $18 Qf8 {[%emt 0:03:11] [#]} (31... Qc6 $16) 32. c4 $1 Qxd6 33. Bxd6 {[%emt 0:00:02][%mdl 4096] Endgame KBB-KBN} Ne3 34. Bd3 {[%emt 0:01:07] Inhibits Nf5.} Bc8 35. Bc7 Nf5 36. Bc2 ({Resist} 36. Bxb6 Nd4 37. b4 (37. Bxc5 Nxb3 38. Be3 Kf7 $18) 37... axb4 38. Bxc5 Nc6 $18) 36... Ne3 (36... Nd4 {is a better defense.}) 37. Be4 Nf5 38. Bxb6 Nd4 39. Bd5+ {[%emt 0:00:06] A strong pair of Bishops.} Kh8 40. Bxa5 Nxb3 41. Bc3 h5 42. Kf2 Kh7 43. Ke3 Kg6 (43... Nc1 $142 44. Ba5 Bd7) 44. Be4+ Kf7 45. Bc2 Nc1 46. Bd2 Na2 47. Bb3 Nb4 48. Bxb4 cxb4 {[%emt 0:00:03] KB-KB} 49. c5+ Ke7 50. g3 g5 (50... Ba6 $142 51. Kd4 Kd7) 51. h4 Kd7 52. Kd4 f5 53. f4 (53. hxg5 $142 Ke7 54. Ke5 Bd7 55. g6 Be8 56. g7 Bf7 57. Bxf7 Kxf7 58. c6) 53... gxh4 54. gxh4 Kc6 55. Bd5+ {[%emt 0:00:00] Weighted Error Value: White=0.07 (flawless) /Black=0.46} 1-0

[Event "Swedish Championship 2022"]
[Site "Uppsala"]
[Date "2022.07.03"]
[Round "2.5"]
[White "Westerberg, Jonathan"]
[Black "Hillarp Persson, Tiger"]
[Result "1/2-1/2"]
[ECO "D00"]
[WhiteElo "2476"]
[BlackElo "2516"]
[Annotator "TA"]
[PlyCount "83"]
[EventDate "2022.07.01"]
[EventType "tourn"]
[EventCountry "SWE"]
[SourceTitle "playchess.com"]
[Source "ChessBase"]
[SourceQuality "1"]
[TimeControl "40/5400+30:1800+30"]

1. Nc3 d5 2. d4 Nf6 3. Bf4 a6 4. e3 e6 5. a3 c5 6. Nf3 {[%emt 0:02:17] D00: 1 d4 d5: Unusual lines.} b5 7. Bd3 Bb7 8. O-O Nbd7 9. Ne5 Be7 10. Qf3 O-O 11. Qh3 {[%emt 0:02:05] [#]} c4 $146 ({Predecessor:} 11... g6 12. Rad1 Nxe5 13. dxe5 Nd7 14. Bh6 Re8 15. f4 Qb6 16. Qg3 c4 17. Be2 Rad8 {1-0 (31) Lizak,P (2453)-Baasansuren,E (2221) Budapest 2017}) 12. Nxd7 Qxd7 13. Be2 a5 14. a4 (14. b3 $15) 14... b4 $17 15. Nd1 Rfc8 16. f3 Bc6 17. b3 Bb7 18. Nf2 Ba6 19. Rfe1 Ne8 20. Ng4 f6 21. Nf2 cxb3 22. cxb3 Bxe2 23. Rxe2 Rc3 24. Rb1 Nd6 (24... Rac8 $17 {[%cal Oc3b3] Threatens to win with ...Rxb3!} 25. Ree1 Rc2) 25. Nd1 $15 Rc6 26. e4 Nf7 (26... Nb7 $17 {White must now prevent ...dxe4.} 27. e5 Nd8) 27. Ne3 $1 $11 {[%emt 0:02:09] [#] Hoping for exd5.} Rd8 28. exd5 exd5 29. Qxd7 Rxd7 {[%emt 0:00:06] [#]} 30. Nxd5 $1 Bf8 31. Ne3 Rxd4 32. Bg3 g6 (32... Nd6 $11) 33. Nc4 $16 Rd5 34. Kf1 Kg7 35. Ke1 Nd8 36. Rd1 Rxd1+ 37. Kxd1 Nb7 38. Bf2 {[%emt 0:03:04] White is more active.} (38. Rd2 $16 {And now Rd7+ would win.} Nc5 39. Nxa5) 38... Kf7 $1 $11 {[%emt 0:01:32] The position is equal.} 39. Rd2 Ke6 {[%emt 0:01:45] Inhibits Rd7.} 40. Re2+ Kf7 41. Rd2 {[%emt 0:30:04] aiming for Rd7+.} Ke6 {[%emt 0:30:10] Prevents Rd7.} 42. Re2+ {[%emt 0:00:00] Weighted Error Value: White=0.14 (very precise) /Black=0.12 (very precise)} 1/2-1/2